 Dungeon Crawl Stone Soup version 0.21.0-3-g78d12a8bdd (webtiles) character file.

50 DildoBatman the Vexing (level 4, 0/35 HPs)
             Began as a Formicid Enchanter on Jan 10, 2018.
             Slain by a bat (1 damage)
             ... on level 2 of the Dungeon.
             The game lasted 00:02:57 (1341 turns).

DildoBatman the Vexing (Formicid Enchanter)         Turns: 1341, Time: 00:02:58

Health: 0/35       AC:  2    Str: 13    XL:     4   Next: 4%
Magic:  5/7        EV: 12    Int: 15    God:
Gold:   47         SH:  0    Dex:  9    Spells: 3/7 levels left

rFire    . . .     SeeInvis +   a - +1 dagger
rCold    + . .     Gourm    .   (no shield)
rNeg     . . .     Faith    .   b - +0 robe
rPois    +         Spirit   .   (helmet unavailable)
rElec    .         Reflect  .   (no cloak)
rCorr    .         Harm     .   (no gloves)
MR       .....                  (no boots)
Stlth    ++........             (no amulet)
HPRegen  0.11/turn              (no ring)
MPRegen  0.10/turn              (no ring)

@: lethally poisoned (0 -> -7)
A: permanent stasis, dig shafts and tunnels, four strong arms, antennae 3,
clumsy 1, cold resistance 1, poison resistance, screaming 1
a: Dig, Shaft Self


You were on level 2 of the Dungeon.
You were not hungry.

You visited 1 branch of the dungeon, and saw 2 of its levels.

You collected 47 gold pieces.

Inventory:

Hand Weapons
 a - a +1 dagger (weapon)
Armour
 b - a +0 robe (worn)
Scrolls
 e - a scroll of remove curse {unknown}
 j - a scroll of noise {unknown}
Potions
 g - a potion of haste {unknown}
 h - a potion of heal wounds {unknown}
 i - a potion of degeneration {unknown}
 k - a potion of flight {unknown}
Books
 c - a book of Maledictions

   Spells                             Type                      Level
   a - Corona                         Hexes                        1
   b - Ensorcelled Hibernation        Hexes/Ice                    2
   c - Confuse                        Hexes                        3
   d - Tukima's Dance                 Hexes                        3
   e - Dazzling Spray                 Conjuration/Hexes            3
Comestibles
 d - 2 rations


   Skills:
 - Level 3.0 Fighting
 - Level 1.0 Short Blades
 + Level 0.5 Armour
 + Level 1.9 Dodging
 + Level 3.8 Stealth
 - Level 2.1 Spellcasting
 + Level 3.8 Hexes


You had 3 spell levels left.
You knew the following spells:

 Your Spells              Type           Power        Failure   Level  Hunger
a - Corona                Hex            ##.....      4%          1    #......
b - Confuse               Hex            ##......     14%         3    ###....


Dungeon Overview and Level Annotations

Branches:
Dungeon (2/15)

Altars:


Innate Abilities, Weirdness & Mutations

You cannot be hasted, slowed, berserked, paralysed or teleported.
You can dig through walls and to a lower floor.
Your four strong arms can wield two-handed weapons with a shield.
You have a pair of large antennae on your head. (SInv)
You are clumsy. (Dex -2)
Your flesh is cold resistant. (rC+)
Your system is resistant to poisons. (rPois)
You occasionally shout uncontrollably at your foes.


Message History

The adder is severely wounded.
You feel sick. The adder barely misses you.
You hit the adder.
The adder is almost dead.
You feel sick. The adder bites you.
You hit the adder.
You kill the adder!
You have reached level 4!
You feel clever.
It was a potion of mutation.
You feel extremely strange.
You feel the urge to shout.
You feel resistant to poisons.
You feel clumsy.
You feel resistant to cold.
You feel sick. The bat hits you.
You die...

.....!.
##...#.##.
##......#..
.........
#......# ..#...#
.######b..#####
.......@.......
..#####.#######
#<# #.# . #.#
..####.#
.....#.#########
..##....#.......
................


You could see a bat.

Vanquished Creatures
  A gnoll (D:2)
  An adder (D:2)
  A worm (D:2)
  A dart slug (D:1)
  3 leopard geckos (D:1)
  2 ball pythons (D:1)
  2 giant cockroaches (D:1)
  3 goblins (D:1)
  2 hobgoblins (D:1)
  3 kobolds (D:1)
  2 frilled lizards (D:1)
  A rat (D:1)
22 creatures vanquished.

Notes
Turn   | Place    | Note
-------+----------+-------------------------------------------
     0 | D:1      | DildoBatman the Formicid Enchanter began the quest for the Orb.
     0 | D:1      | Reached XP level 1. HP: 13/13 MP: 3/3
   234 | D:1      | Reached skill level 1 in Fighting
   240 | D:1      | Reached XP level 2. HP: 21/21 MP: 3/5
   647 | D:1      | Reached XP level 3. HP: 18/28 MP: 4/6
   652 | D:1      | Learned a level 3 spell: Confuse
  1340 | D:2      | Reached XP level 4. HP: 2/35 MP: 5/7
  1341 | D:2      | Gained mutation: You occasionally shout uncontrollably at your foes. [potion of mutation]
  1341 | D:2      | Gained mutation: Your system is resistant to poisons. (rPois) [potion of mutation]
  1341 | D:2      | Gained mutation: You are clumsy. (Dex -2) [potion of mutation]
  1341 | D:2      | Gained mutation: Your flesh is cold resistant. (rC+) [potion of mutation]
  1341 | D:2      | HP: 1/35 [poisoned by an adder]
  1341 | D:2      | Slain by a bat

Skill      XL: |  1  2  3 |
---------------+----------+-----
Fighting       | 1 2 3 |  3.0
Short Blades   | |  1.0
Armour         | |  0.5
Dodging        | |  1.9
Stealth        | |  3.8
Spellcasting   | |  2.1
Hexes          | |  3.8

Action                   |  1- 3 |  4- 6 || total
-------------------------+-------+-------++-------
Melee: Dagger            |   103 |       ||   103
 Cast: Corona            |    15 |       ||    15
       Confuse           |     2 |       ||     2
  Use: Potion            |       |     1 ||     1
 Stab: Sleeping          |     5 |       ||     5
       Confused          |     2 |       ||     2
  Eat: Chunk             |     2 |       ||     2
Armor: Robe              |    18 |       ||    18
Dodge: Dodged            |    53 |       ||    53
